[Event "Late-Titled-Tuesday-Blitz-September-19-2023"]
[Site "Chess.com"]
[Date "2023.09.19"]
[Round "2"]
[White "lamomiajunior"]
[Black "TheMagician"]
[Result "1-0"]
[WhiteElo "2650"]
[BlackElo "2237"]
[TimeControl "180+1"]
[EndTime "14:12:29 PDT"]
[Termination "lamomiajunior won by checkmate"]

1. d4 Nf6 2. Nc3 d5 3. Bf4 Nh5 4. Be5 Nc6 5. e4 Nxe5 6. Qxh5 Nc6 7. exd5 Nxd4 8. O-O-O Nf5 9. Bb5+ Bd7 10. Qxf5 c6 11.
dxc6 Bxf5 12. cxb7+ Bd7 13. Bxd7+ Qxd7 14. bxa8=Q+ Qd8 15.
Qxd8# 1-0

[Event "Late-Titled-Tuesday-Blitz-September-19-2023"]
[Site "Chess.com"]
[Date "2023.09.19"]
[Round "2"]
[White "Taran2004"]
[Black "CSB7"]
[Result "0-1"]
[WhiteElo "2423"]
[BlackElo "2702"]
[TimeControl "180+1"]
[EndTime "14:12:42 PDT"]
[Termination "CSB7 won by resignation"]

1. e4 e5 2. Nf3 Nf6 3. Nxe5 Nc6 4. Nf3 Nxe4 5. Nc3 Nxc3 6. dxc3 d5 7. Bg5 Be7 8. Qd2 Bxg5 9. Qxg5 Qxg5 10. Nxg5 f6 11. Nf3 Bg4 12. Nd4 Ne5 13. f3 Bd7 14. O-O-O O-O-O 15. Bd3 c5 16. Nf5 Nxd3+ 0-1

[Event "Late-Titled-Tuesday-Blitz-September-19-2023"]
[Site "Chess.com"]
[Date "2023.09.19"]
[Round "2"]
[White "davigator"]
[Black "rdarruda"]
[Result "0-1"]
[WhiteElo "2330"]
[BlackElo "2507"]
[TimeControl "180+1"]
[EndTime "14:12:46 PDT"]
[Termination "rdarruda won by resignation"]

1. e4 c5 2. Nf3 Nc6 3. d4 cxd4 4.
Nxd4 e5 5. Nb5 a6 6. Nd6+ Bxd6 7.
Qxd6 Qe7 8. Qd1 Nf6 9. Nc3 d6 10. Bg5 Be6 11. Qd2 O-O 12. O-O-O Rfd8 13. f3 h6 14. Be3 d5 15. exd5 Nxd5 16. Nxd5 Rxd5 17.
Qf2 Rxd1+ 18. Kxd1 Bxa2 19. b3 a5 20. Bc4 a4 21. Bc5 Qd7+ 22. Kc1 axb3 23. Rd1 b2+ 0-1

[Event "Late-Titled-Tuesday-Blitz-September-19-2023"]
[Site "Chess.com"]
[Date "2023.09.19"]
[Round "2"]
[White "OYAcosta"]
[Black "YEIKO2017"]
[Result "0-1"]
[WhiteElo "2165"]
[BlackElo "2443"]
[TimeControl "180+1"]
[EndTime "14:13:07 PDT"]
[Termination "YEIKO2017 won by resignation"]

1. d4 Nf6 2. Bf4 g6 3. e3 Bg7 4. Nf3 O-O 5. Be2 d6 6. O-O Nfd7 7. h3 e5 8. Bh2 Nc6 9. c4 exd4 10. exd4 Re8 11.
Nc3 Nf6 12. Bd3 Ne7 13. Re1 Bf5 14. Rc1 Qd7 15. b4 Bxd3 16. Qxd3 a6 17. c5 Qf5 18.
Qd2 dxc5 19. bxc5 Ned5 20. Ne5 Rad8 21. Bg3 Nxc3 22. Rxc3 Ne4 23. Rxe4 Qxe4 24. Rd3 Bxe5 25.
Bxe5 Rxe5 26. Re3 Qb1+ 27. Kh2 Rxe3 28. fxe3 Qe4 0-1

[Event "Late-Titled-Tuesday-Blitz-September-19-2023"]
[Site "Chess.com"]
[Date "2023.09.19"]
[Round "2"]
[White "Michalczak"]
[Black "Botvinnak"]
[Result "1-0"]
[WhiteElo "2507"]
[BlackElo "2332"]
[TimeControl "180+1"]
[EndTime "14:13:15 PDT"]
[Termination "Michalczak won by resignation"]

1. e4 c5 2. c3 d5 3. exd5 Qxd5 4. Nf3 Nf6 5. Na3 Qd8 6. Bc4 Nc6 7. O-O e6 8. Qe2 Bd6 9. Rd1 O-O 10. d4 cxd4 11. Nb5 Bc5 12. Nbxd4 Nxd4 13. Nxd4 Qb6 14. b4 Bxd4 15.
Rxd4 a5 16. Bg5 Nd5 17. Rh4 Qc7 18. Qh5 h6 19. Bxh6 gxh6 20. Rg4+ Kh7 21. Bd3+ f5 22. Qg6+ Kh8 23. Qxh6+ Qh7 24. Qxf8+ 1-0

[Event "Late-Titled-Tuesday-Blitz-September-19-2023"]
[Site "Chess.com"]
[Date "2023.09.19"]
[Round "2"]
[White "ATM622"]
[Black "martinez_95"]
[Result "1-0"]
[WhiteElo "2448"]
[BlackElo "2185"]
[TimeControl "180+1"]
[EndTime "14:13:16 PDT"]
[Termination "ATM622 won by resignation"]

1. d4 Nf6 2. c4 c5 3. d5 e6 4.
Nc3 exd5 5. cxd5 d6 6. g3 g6 7. Bg2 Bg7 8. Nf3 O-O 9. O-O a6 10. a4 Re8 11. Nd2 Nbd7 12. Nc4 Ne5 13. Nxe5 Rxe5 14. e4 Re8 15. Re1 Rb8 16. a5 b5 17.
axb6 Rxb6 18. e5 Rxe5 19. Rxe5 dxe5 20. Na4 Rd6 21. Nxc5 Nxd5 22. Ne4 Rd7 23. Bh3 Ne3 24. Qxd7 Bxd7 25. Bxd7 Nc2 26. Rxa6 Qxd7 27. Ra8+ 1-0

[Event "Late-Titled-Tuesday-Blitz-September-19-2023"]
[Site "Chess.com"]
[Date "2023.09.19"]
[Round "2"]
[White "andrzej"]
[Black "matagordo"]
[Result "1-0"]
[WhiteElo "2459"]
[BlackElo "2206"]
[TimeControl "180+1"]
[EndTime "14:13:28 PDT"]
[Termination "andrzej won by resignation"]

1. e4 e6 2. d4 d5 3. Nc3 Nf6 4. e5 Nfd7 5. f4 c5 6. Nf3 Nc6 7. Be3 Be7 8. Qd2 O-O 9. dxc5 Qa5 10. a3 Nxc5 11. O-O-O Na4 12. Nxa4 Qxa4 13. Kb1 a6 14. Bd3 b5 15. h4 b4 16. Bxh7+ Kxh7 17. Ng5+ Kg8 18.
Qd3 Bxg5 19. hxg5 g6 20. Bc5 Bd7 21. Qh3 1-0

[Event "Late-Titled-Tuesday-Blitz-September-19-2023"]
[Site "Chess.com"]
[Date "2023.09.19"]
[Round "2"]
[White "Hikaru"]
[Black "DucksParadise"]
[Result "1-0"]
[WhiteElo "3246"]
[BlackElo "2644"]
[TimeControl "180+1"]
[EndTime "14:13:29 PDT"]
[Termination "Hikaru won by resignation"]

1. Nf3 Nf6 2. b3 g6 3. Bb2 Bg7 4. d4 O-O 5. e3 d6 6. c4 c5 7. Be2 cxd4 8. Nxd4 Nc6 9. Nxc6 bxc6 10. O-O c5 11.
Nc3 Bb7 12. Qc2 Qc7 13. Rad1 Rfd8 14. e4 Nxe4 15. Nb5 Qb6 16. Bxg7 Kxg7 17. Rfe1 a6 18. Na3 Qb4 19. Nb1 e5 20. Bf1 f5 21. f3 Nf6 22.
Nc3 Rd7 23. Qb2 Rad8 24. f4 e4 25. Re2 Kf7 26. Red2 Qb6 27. Be2 Bc6 28. Rc1 Qb7 29. Nd1 Nh5 30. Bxh5 gxh5 31. Ne3 Rg8 32. Nxf5 e3 33.
Nh6+ 1-0

[Event "Late-Titled-Tuesday-Blitz-September-19-2023"]
[Site "Chess.com"]
[Date "2023.09.19"]
[Round "2"]
[White "AradNazari"]
[Black "victormago"]
[Result "1-0"]
[WhiteElo "2838"]
[BlackElo "2544"]
[TimeControl "180+1"]
[EndTime "14:13:32 PDT"]
[Termination "AradNazari won by resignation"]

1. e4 c5 2. Nf3 d6 3. Bb5+ Bd7 4.
Bxd7+ Qxd7 5. O-O Nc6 6. c3 Nf6 7. Re1 e6 8. d4 cxd4 9. cxd4 d5 10. e5 Ne4 11. a3 Be7 12. Qd3 O-O 13. Nbd2 Nxd2 14.
Bxd2 Rfc8 15. h4 b6 16. h5 h6 17. g4 Rc7 18. g5 hxg5 19. Bxg5 Bf8 20. h6 gxh6 21.
Bf6 Bg7 22. Kh2 Bxf6 23. exf6 Kh8 24. Qe3 Qd6+ 25. Ne5 Kh7 26. Rg1 Nxe5 27. Rg7+ 1-0

[Event "Late-Titled-Tuesday-Blitz-September-19-2023"]
[Site "Chess.com"]
[Date "2023.09.19"]
[Round "2"]
[White "Grig1508"]
[Black "UK_23"]
[Result "0-1"]
[WhiteElo "2056"]
[BlackElo "2430"]
[TimeControl "180+1"]
[EndTime "14:13:41 PDT"]
[Termination "UK_23 won by resignation"]

1. e4 e5 2. Nf3 Nc6 3. d4 exd4 4. Nxd4 Nf6 5. Nxc6 bxc6 6. e5 Qe7 7. Qe2 Nd5 8. c4 Nb6 9. Nc3 g6 10. g3 Bg7 11. f4 O-O 12. Bg2 f6 13. Be3 fxe5 14. c5 exf4 15. cxb6 Qxe3 16. Qxe3 fxe3 17. bxc7 Be5 18.
Ke2 Bxc7 19. Kxe3 Bb6+ 20. Kd2 Rf2+ 21. Ne2 Rxg2 0-1

[Event "Late-Titled-Tuesday-Blitz-September-19-2023"]
[Site "Chess.com"]
[Date "2023.09.19"]
[Round "2"]
[White "DishonorOnYourCow"]
[Black "imdarealist"]
[Result "1-0"]
[WhiteElo "2484"]
[BlackElo "2247"]
[TimeControl "180+1"]
[EndTime "14:14:09 PDT"]
[Termination "DishonorOnYourCow won by resignation"]

1. d4 d5 2. c4 e6 3. Nc3 Nf6 4. cxd5 exd5 5. Bg5 c6 6. e3 Qb6 7. Qc2 Ne4 8. Bf4 Be6 9. Bd3 Nxc3 10. bxc3 Nd7 11.
Ne2 Nf6 12. O-O a6 13. Rab1 Qa7 14. f3 Be7 15. e4 O-O 16. e5 Nd7 17. Bxh7+ Kh8 18.
Bf5 c5 19. Be3 cxd4 20. cxd4 Nxe5 21. Nf4 Nc4 22. Bf2 Bc8 23. Nxd5 Bg5 24. Bxc8 Raxc8 25. Qf5 Bh6 26. Ne7 Rcd8 27. d5 Be3 28. Qh5+ Bh6 29. Bxa7 1-0

[Event "Late-Titled-Tuesday-Blitz-September-19-2023"]
[Site "Chess.com"]
[Date "2023.09.19"]
[Round "2"]
[White "Mihajlovskij"]
[Black "Cambek64"]
[Result "0-1"]
[WhiteElo "2242"]
[BlackElo "2475"]
[TimeControl "180+1"]
[EndTime "14:14:09 PDT"]
[Termination "Cambek64 won by resignation"]

1. e4 c5 2. Nf3 e6 3. d4 cxd4 4. Nxd4 Nf6 5. Nc3 Bb4 6. Nb5 Qa5 7. Bd2 a6 8. Nd4 Qc7 9. f3 O-O 10. Bd3 b5 11. Qe2 Bb7 12. O-O-O Nc6 13. Nxc6 Bxc6 14. e5 Nd5 15. Nxd5 Bxd2+ 16. Rxd2 Bxd5 17. Kb1 b4 18. Be4 Bxe4 19. Qxe4 a5 20. Rhd1 Rfd8 21.
Rxd7 Qb6 22. R1d6 Qg1+ 0-1

[Event "Late-Titled-Tuesday-Blitz-September-19-2023"]
[Site "Chess.com"]
[Date "2023.09.19"]
[Round "2"]
[White "Dewarfd"]
[Black "kleopl"]
[Result "0-1"]
[WhiteElo "2197"]
[BlackElo "2452"]
[TimeControl "180+1"]
[EndTime "14:14:11 PDT"]
[Termination "kleopl won by resignation"]

1. d4 Nf6 2. e3 d5 3. Nf3 c5 4. dxc5 Nc6 5. Bb5 Bg4 6. Nbd2 e6 7.
b4 Be7 8. a3 O-O 9. Bxc6 bxc6 10. c3 e5 11. Qc2 Qc7 12. e4 dxe4 13. Nxe4 Bxf3 14. gxf3 Nd5 15. Rg1 f5 16. Ng5 Bxg5 17. Bxg5 Rae8 18. Rd1 e4 19. c4 exf3+ 20. Kf1 Qxh2 21.
Rg3 Qh1+ 22. Rg1 Qh3+ 0-1

[Event "Late-Titled-Tuesday-Blitz-September-19-2023"]
[Site "Chess.com"]
[Date "2023.09.19"]
[Round "2"]
[White "jup1978"]
[Black "Mops_2004"]
[Result "0-1"]
[WhiteElo "2465"]
[BlackElo "2803"]
[TimeControl "180+1"]
[EndTime "14:14:14 PDT"]
[Termination "Mops_2004 won by resignation"]

1. Nf3 g6 2. d4 Bg7 3. g3 d6 4.
Bg2 Nf6 5. O-O O-O 6. b3 e5 7. dxe5 dxe5 8. Qxd8 Rxd8 9. Bb2 e4 10. Ng5 Bf5 11.
Na3 h6 12. Nh3 Nc6 13. Rad1 Nb4 14. c3 Nbd5 15. Nf4 Nxf4 16. gxf4 Nd5 17. e3 Nxc3 18. Rxd8+ Rxd8 19. Bxc3 Bxc3 20. Nb5 Bf6 21. Nxc7 Rd2 22. a4 a6 23. Rc1 Bh4 24. Rf1 Bd8 25. Rc1 Bxc7 26.
Rxc7 Rd1+ 0-1

[Event "Late-Titled-Tuesday-Blitz-September-19-2023"]
[Site "Chess.com"]
[Date "2023.09.19"]
[Round "2"]
[White "sebastianmarinp"]
[Black "ChessSwole"]
[Result "0-1"]
[WhiteElo "2395"]
[BlackElo "2703"]
[TimeControl "180+1"]
[EndTime "14:14:17 PDT"]
[Termination "ChessSwole won by resignation"]

1. d4 d5 2. c4 e6 3. Nc3 a6 4. cxd5 exd5 5. Nf3 c6 6. Bf4 Bd6 7. Bg3 Ne7 8. e3 O-O 9. Bd3 Bf5 10. O-O Bxg3 11. hxg3 Nd7 12. a3 Re8 13. b4 Bxd3 14. Qxd3 Nc8 15. Na4 Nd6 16. Nc5 Nb6 17. a4 Nbc4 18. Rfb1 Qe7 19. Nh4 g6 20. Nf3 h5 21.
Ra2 Kg7 22. Re2 a5 23. Reb2 b6 24. Nb3 axb4 25. Nbd2 Nxb2 26. Rxb2 Rxa4 27. Ne5 c5 28. f4 c4 29. Qc2 Ra1+ 30. Rb1 Rxb1+ 31. Qxb1 b3 32. Ndf3 Ne4 0-1

[Event "Late-Titled-Tuesday-Blitz-September-19-2023"]
[Site "Chess.com"]
[Date "2023.09.19"]
[Round "2"]
[White "FrankDux44"]
[Black "bascheyaro"]
[Result "0-1"]
[WhiteElo "2538"]
[BlackElo "2821"]
[TimeControl "180+1"]
[EndTime "14:14:21 PDT"]
[Termination "bascheyaro won by resignation"]

1. d4 d5 2. c4 c6 3. Nc3 Nf6 4.
Nf3 a6 5. cxd5 cxd5 6. Bf4 Nc6 7. e3 e6 8. Bd3 Bd6 9. Bg3 O-O 10. O-O b5 11. a3 Na5 12. Ne5 Nc4 13. Qe2 Bb7 14.
f4 Nd7 15. Rae1 f5 16. Qh5 Nf6 17.
Qh3 Rc8 18. Nd1 Nd2 19. Rf2 Nfe4 20. Rfe2 b4 21. Bh4 Qe8 22. g4 bxa3 23. bxa3 Bxe5 24. dxe5 fxg4 25. Qxg4 Qg6 26. Qxg6 Nf3+ 27. Kh1 hxg6 0-1

[Event "Late-Titled-Tuesday-Blitz-September-19-2023"]
[Site "Chess.com"]
[Date "2023.09.19"]
[Round "2"]
[White "rikchessmx"]
[Black "zverr1"]
[Result "1/2-1/2"]
[WhiteElo "2338"]
[BlackElo "2499"]
[TimeControl "180+1"]
[EndTime "14:14:21 PDT"]
[Termination "Game drawn by repetition"]

1. e4 c5 2. Nf3 Nc6 3. d4 cxd4 4.
Nxd4 Nf6 5. Nxc6 bxc6 6. Bd3 g6 7. O-O Bg7 8. Nc3 d6 9. f4 O-O 10. Qe1 Ba6 11. Kh1 Bxd3 12. cxd3 Nd7 13. Be3 Qa5 14. Nd5 Qd8 15. Nc3 Qa5 16. Nd5 Qd8 17. Nc3 1/2-1/2

[Event "Late-Titled-Tuesday-Blitz-September-19-2023"]
[Site "Chess.com"]
[Date "2023.09.19"]
[Round "2"]
[White "greekplayer1"]
[Black "colegiodemadrid"]
[Result "1-0"]
[WhiteElo "2711"]
[BlackElo "2490"]
[TimeControl "180+1"]
[EndTime "14:14:33 PDT"]
[Termination "greekplayer1 won by resignation"]

1. d4 Nf6 2. c4 g6 3. Nc3 Bg7 4. h4 d6 5. e4 c5 6. d5 e6 7. h5 exd5 8. h6 Bf8 9. exd5 Be7 10. Nf3 Bg4 11. Be2 Nbd7 12. Be3 a6 13. Nd2 Bxe2 14. Qxe2 O-O 15. g4 Ne5 16. g5 Nh5 17. f4 Ng3 18. Qg2 Nd3+ 19. Kd1 Nxh1 20. Qxh1 b5 21. Kc2 Nb4+ 22.
Kc1 Re8 23. a3 Bf8 24. Qf3 Qe7 25. Bf2 bxc4 26. axb4 cxb4 27. Nce4 c3 28. bxc3 bxc3 29. Nf6+ Kh8 30. Qxc3 Rec8 31. Nc4 Rxc4 32. Qxc4 Qb7 33. Rb1 1-0

[Event "Late-Titled-Tuesday-Blitz-September-19-2023"]
[Site "Chess.com"]
[Date "2023.09.19"]
[Round "2"]
[White "guillembaches"]
[Black "Dubs123"]
[Result "1-0"]
[WhiteElo "2505"]
[BlackElo "2306"]
[TimeControl "180+1"]
[EndTime "14:14:35 PDT"]
[Termination "guillembaches won by resignation"]

1. e4 c5 2. Nf3 d6 3. d4 cxd4 4. Nxd4 Nf6 5. Nc3 a6 6. Be3 e5 7.
Nb3 Be6 8. f3 Be7 9. Qd2 h5 10.
Nd5 Nxd5 11. exd5 Bf5 12. Bd3 Bxd3 13. Qxd3 Nd7 14. O-O-O Bg5 15. Kb1 Bxe3 16. Qxe3 Rc8 17. Nd4 O-O 18. Nf5 Nb6 19. b3 g6 20. g4 gxf5 21.
gxf5 Qf6 22. Qxb6 Qxf5 23. Rd3 Qg6 24. Rg1 1-0

[Event "Late-Titled-Tuesday-Blitz-September-19-2023"]
[Site "Chess.com"]
[Date "2023.09.19"]
[Round "2"]
[White "RichardLeyvaP"]
[Black "elpatodice"]
[Result "1-0"]
[WhiteElo "2593"]
[BlackElo "2375"]
[TimeControl "180+1"]
[EndTime "14:14:41 PDT"]
[Termination "RichardLeyvaP won by resignation"]

1. e4 c5 2. Nf3 g6 3. d4 cxd4 4. Nxd4 Nc6 5. Nb3 Bg7 6. Be2 Nf6 7. Nc3 O-O 8. O-O d6 9. Re1 a5 10. a4 Be6 11. Bf1 Bxb3 12. cxb3 Nd7 13. Bg5 Re8 14. Rc1 Nc5 15. Bb5 h6 16. Bh4 Rc8 17. f3 Ne6 18. Kh1 Rf8 19. Nd5 g5 20. Bf2 Bxb2 21. Bb6 Qd7 22.
Rc2 Bd4 23. Rd2 Be5 24. g3 Nc5 25. f4 Bg7 26. Bxc5 1-0

[Event "Late-Titled-Tuesday-Blitz-September-19-2023"]
[Site "Chess.com"]
[Date "2023.09.19"]
[Round "2"]
[White "Schattman"]
[Black "MajorCoast"]
[Result "1/2-1/2"]
[WhiteElo "2487"]
[BlackElo "2280"]
[TimeControl "180+1"]
[EndTime "14:14:42 PDT"]
[Termination "Game drawn by repetition"]

1. Nf3 g6 2. e4 c6 3. d4 d5 4. Nc3 dxe4 5. Nxe4 Bg4 6. c3 Bg7 7. h3 Bxf3 8. Qxf3 Nf6 9. Nxf6+ Bxf6 10. Bh6 Nd7 11.
Bc4 e6 12. O-O Bg5 13. Bg7 Rg8 14. Be5 Nxe5 15. dxe5 Be7 16. Rfd1 Qc7 17. Qe3 Qb6 18. Qe2 Rd8 19. Rxd8+ Qxd8 20. Rd1 Qc7 21. Qe3 Qb6 22. Qe2 Qc7 23. Qe3 Qb6 24. Qd3 Qd8 25. Qe2 Qc7 1/2-1/2

[Event "Late-Titled-Tuesday-Blitz-September-19-2023"]
[Site "Chess.com"]
[Date "2023.09.19"]
[Round "2"]
[White "Eloist"]
[Black "Veleamater"]
[Result "0-1"]
[WhiteElo "2487"]
[BlackElo "2322"]
[TimeControl "180+1"]
[EndTime "14:14:44 PDT"]
[Termination "Veleamater won by resignation"]

1. e4 d6 2. d4 g6 3. Nc3 Bg7 4. Nf3 Nf6 5. Be2 O-O 6. O-O Nc6 7. d5 Ne5 8. Nxe5 dxe5 9. Bg5 h6 10. Bh4 g5 11. Bg3 Ne8 12. Bg4 Nd6 13. Bxc8 Rxc8 14. h4 e6 15. hxg5 Qxg5 16. dxe6 fxe6 17. Qc1 Qg6 18. Qe3 a6 19. Rad1 Rf7 20. Qc5 Bf8 21. Qxe5 Bg7 22. Qc5 Bxc3 23. Bxd6 Bxb2 24. Rd3 Bg7 25.
Rg3 Qxe4 26. Be5 Qh7 27. Re1 Kh8 28. Rxg7 Rxg7 29. Qe7 Rg8 30. Re3 Qxc2 31. Rg3 Qd1+ 32. Kh2 Qh5+ 33. Rh3 Qxe5+ 0-1

[Event "Late-Titled-Tuesday-Blitz-September-19-2023"]
[Site "Chess.com"]
[Date "2023.09.19"]
[Round "2"]
[White "IvanRadivojevic"]
[Black "KejJaj"]
[Result "1-0"]
[WhiteElo "2467"]
[BlackElo "2209"]
[TimeControl "180+1"]
[EndTime "14:14:44 PDT"]
[Termination "IvanRadivojevic won by resignation"]

1. e4 c5 2. Nc3 g6 3. f4 Bg7 4. Nf3 Nc6 5. Bb5 e6 6. Bxc6 bxc6 7. d3 d5 8. e5 Ne7 9. O-O Ba6 10. Rf2 Rb8 11. b3 O-O 12. Na4 c4 13. dxc4 dxc4 14.
Be3 cxb3 15. axb3 Nd5 16. Bc5 Re8 17. Nd4 Bb5 18. Bd6 Ra8 19. Nc5 Bf8 20. Bxf8 Rxf8 21.
c4 Ne3 22. Qd3 Qb6 23. Qxe3 Qxc5 24. cxb5 Rfd8 25. Nf5 Qxb5 26. Nd6 Qd5 27. Rd2 Rxd6 28. Rxd5 Rxd5 29. Rxa7 Rad8 30. Ra2 Rd1+ 31. Kf2 1-0

[Event "Late-Titled-Tuesday-Blitz-September-19-2023"]
[Site "Chess.com"]
[Date "2023.09.19"]
[Round "2"]
[White "serhanberat_ozdemir"]
[Black "FairChess_on_YouTube"]
[Result "0-1"]
[WhiteElo "2621"]
[BlackElo "3071"]
[TimeControl "180+1"]
[EndTime "14:14:53 PDT"]
[Termination "FairChess_on_YouTube won by resignation"]

1. e4 e5 2. Nf3 Nc6 3. d4 exd4 4. Bc4 Be7 5. c3 Nf6 6. e5 Ne4 7. Bd5 f5 8. cxd4 Nb4 9. Bb3 d5 10. exd6 Qxd6 11. Ne5 Be6 12. Bf4 Qa6 13. Nc3 Bxb3 14. Qxb3 O-O-O 15. a3 Rxd4 16. axb4 Qxa1+ 17. Ke2 Qxh1 18.
Nb5 Qd1+ 19. Qxd1 Rxd1 20. Kxd1 a6 21. Nd4 Rd8 0-1

[Event "Late-Titled-Tuesday-Blitz-September-19-2023"]
[Site "Chess.com"]
[Date "2023.09.19"]
[Round "2"]
[White "whitemirrorninja"]
[Black "Arimin1329"]
[Result "1-0"]
[WhiteElo "2495"]
[BlackElo "2260"]
[TimeControl "180+1"]
[EndTime "14:14:57 PDT"]
[Termination "whitemirrorninja won by resignation"]

1. Nf3 Nf6 2. e3 g6 3. b3 Bg7 4. Bb2 O-O 5. c4 c6 6. Nc3 d5 7.
Be2 Re8 8. O-O e5 9. Rc1 Bg4 10. h3 Bxf3 11. Bxf3 e4 12. Be2 Nbd7 13. cxd5 cxd5 14.
Nb5 Rc8 15. Rxc8 Qxc8 16. Nd6 Qc6 17. Nxe8 Nxe8 18. Bxg7 Nxg7 19. d3 Ne5 20. dxe4 dxe4 21. Qd8+ Ne8 22. Rd1 Kg7 23. Qe7 Nd3 24. Bxd3 exd3 25.
Rxd3 Nf6 26. Qe5 Qc1+ 27. Kh2 Qc2 28. Rd6 Qxf2 29. Qf4 Qb2 30. Qd4 Qf2 31. Rd7 h5 32.
Rxb7 h4 33. Qf4 Qb2 34. Rxa7 Kg8 35. Ra8+ Kg7 36. Qxh4 Nh5 37. Qd4+ 1-0

[Event "Late-Titled-Tuesday-Blitz-September-19-2023"]
[Site "Chess.com"]
[Date "2023.09.19"]
[Round "2"]
[White "GMJustin"]
[Black "filipluczak05"]
[Result "0-1"]
[WhiteElo "2250"]
[BlackElo "2502"]
[TimeControl "180+1"]
[EndTime "14:14:57 PDT"]
[Termination "filipluczak05 won on time"]

1. d4 g6 2. e4 Bg7 3. Nc3 c5 4. Be3 cxd4 5. Bxd4 Nf6 6. e5 Nh5 7. e6 fxe6 8. Bxg7 Nxg7 9. Nf3 O-O 10. Bd3 Nc6 11. h4 Qa5 12. a3 Ne5 13. Nxe5 Qxe5+ 14. Qe2 Qxe2+ 15. Kxe2 d6 16. Ne4 e5 17. Ng3 Nf5 0-1

[Event "Late-Titled-Tuesday-Blitz-September-19-2023"]
[Site "Chess.com"]
[Date "2023.09.19"]
[Round "2"]
[White "GadimbayliA"]
[Black "BigAl"]
[Result "1-0"]
[WhiteElo "2831"]
[BlackElo "2546"]
[TimeControl "180+1"]
[EndTime "14:15:01 PDT"]
[Termination "GadimbayliA won by resignation"]

1. e4 c6 2. Nf3 d5 3. exd5 cxd5 4.
Ne5 Nd7 5. d4 Nxe5 6. dxe5 e6 7.
c3 Ne7 8. Nd2 Nc6 9. Nf3 Be7 10.
Bd3 Bd7 11. Qe2 Rc8 12. Bf4 a6 13. h4 h6 14. h5 Na5 15. O-O Nc4 16. Nd4 Qb6 17. Rab1 Bg5 18. Bxg5 hxg5 19. f4 gxf4 20. Rxf4 Qd8 21. Rbf1 Qg5 22. Bxc4 dxc4 23. Rxf7 Rc5 24. Qf3 Qxh5 25. Rf8+ Ke7 26. Qf7+ 1-0

[Event "Late-Titled-Tuesday-Blitz-September-19-2023"]
[Site "Chess.com"]
[Date "2023.09.19"]
[Round "2"]
[White "GiorgianBarbosa"]
[Black "PawnEatingZombie"]
[Result "1-0"]
[WhiteElo "2456"]
[BlackElo "2198"]
[TimeControl "180+1"]
[EndTime "14:15:02 PDT"]
[Termination "GiorgianBarbosa won by checkmate"]

1. e4 Nf6 2. e5 Nd5 3. Nc3 e6 4. Nf3 d6 5. Bc4 Nb6 6. Bb3 dxe5 7. Nxe5 N8d7 8. Nf3 Be7 9. d4 O-O 10. Bf4 Nf6 11. Be5 Nbd5 12. Nxd5 exd5 13. h3 c6 14.
Qd3 h6 15. O-O-O Be6 16. g4 Nd7 17. Bf4 a5 18. c3 b5 19. Bc2 g6 20. Bxh6 Re8 21.
Rdg1 b4 22. h4 bxc3 23. h5 cxb2+ 24. Kb1 c5 25. hxg6 f5 26. gxf5 c4 27. Qe3 Bf6 28.
fxe6 Nb6 29. Bg5 c3 30. Bxf6 Nc4 31. Rh8# 1-0

[Event "Late-Titled-Tuesday-Blitz-September-19-2023"]
[Site "Chess.com"]
[Date "2023.09.19"]
[Round "2"]
[White "Fleetw00dMac"]
[Black "dcann0n88"]
[Result "1-0"]
[WhiteElo "2463"]
[BlackElo "2229"]
[TimeControl "180+1"]
[EndTime "14:15:05 PDT"]
[Termination "Fleetw00dMac won by resignation"]

1. d4 Nf6 2. c4 g6 3. Nc3 Bg7 4. e4 d6 5. Nf3 O-O 6. Be2 e5 7. O-O Na6 8. d5 Nc5 9. Qc2 a5 10. Bg5 h6 11. Be3 b6 12. Nd2 Ng4 13. Bxg4 Bxg4 14.
a3 a4 15. Bxc5 bxc5 16. Nxa4 f5 17. f3 Bh5 18. b4 cxb4 19. axb4 f4 20. c5 g5 21. b5 Be8 22. c6 h5 23. Rab1 g4 24. b6 g3 25. h3 cxb6 26. c7 Qh4 27. Nxb6 Rc8 28. Rfc1 Rf7 29. Nxc8 Bd7 30. Ne7+ Qxe7 31. c8=Q+ 1-0

[Event "Late-Titled-Tuesday-Blitz-September-19-2023"]
[Site "Chess.com"]
[Date "2023.09.19"]
[Round "2"]
[White "Nick12772"]
[Black "HalfIsCrayfish"]
[Result "0-1"]
[WhiteElo "2373"]
[BlackElo "2562"]
[TimeControl "180+1"]
[EndTime "14:15:08 PDT"]
[Termination "HalfIsCrayfish won by resignation"]

1. Nf3 Nc6 2. e4 e5 3. Bc4 Nf6 4. d4 Nxe4 5. dxe5 d5 6. Bxd5 Bf5 7. O-O Bc5 8. Bxc6+ bxc6 9. Qxd8+ Rxd8 10. Be3 Bxe3 11. fxe3 Bg6 12. Na3 Ke7 13. Rfd1 c5 14. Nc4 Ke6 15.
Kf1 h6 16. Ke2 Ng5 17. Rxd8 Rxd8 18. Rd1 Rb8 19. Nxg5+ hxg5 20. Rd2 Be4 21. Kf2 Bd5 22. b3 Bxc4 23. bxc4 Rb4 24. Rd8 Rxc4 25. Re8+ Kd7 0-1

[Event "Late-Titled-Tuesday-Blitz-September-19-2023"]
[Site "Chess.com"]
[Date "2023.09.19"]
[Round "2"]
[White "kaanadayhamle"]
[Black "Chempiblinka"]
[Result "1-0"]
[WhiteElo "2438"]
[BlackElo "2141"]
[TimeControl "180+1"]
[EndTime "14:15:11 PDT"]
[Termination "kaanadayhamle won by resignation"]

1. Nf3 Nf6 2. g3 g6 3. Bg2 Bg7 4. O-O O-O 5. c4 d6 6. Nc3 c6 7. b4 Ne4 8. Bb2 Nxc3 9. Bxc3 Bxc3 10. dxc3 e5 11. Qd2 Be6 12. Rfd1 Bxc4 13. Nxe5 Be6 14. Qxd6 Qf6 15. Rac1 Na6 16. Nd7 Qg5 17. Nxf8 Rxf8 18. Qd2 Qb5 19. e3 Qa4 20. Bf1 Nc7 21. Qc2 Qa3 22. c4 Qxb4 23. Qb3 Qxb3 24. axb3 Na6 25.
Ra1 Bf5 26. Rd2 Re8 27. Bg2 h5 28. Bxc6 1-0

[Event "Late-Titled-Tuesday-Blitz-September-19-2023"]
[Site "Chess.com"]
[Date "2023.09.19"]
[Round "2"]
[White "Arteler"]
[Black "moro182"]
[Result "0-1"]
[WhiteElo "2536"]
[BlackElo "2803"]
[TimeControl "180+1"]
[EndTime "14:15:14 PDT"]
[Termination "moro182 won by resignation"]

1. e4 g6 2. d4 Bg7 3. Nc3 a6 4. g3 b5 5. Bg2 Bb7 6. Nge2 d6 7. O-O Nd7 8. h3 e6 9. Be3 Ne7 10. Qd2 O-O 11. Bh6 c5 12. Rad1 c4 13. Bxg7 Kxg7 14. Nf4 Qc7 15. h4 h6 16. Qe2 e5 17.
Nfd5 Bxd5 18. exd5 Rae8 19. Qd2 Nf5 20. Ne2 e4 21. Nc3 e3 22. Qe2 Nf6 23. Bh3 b4 24. Bxf5 bxc3 25. Bh3 cxb2 26. c3 Nxd5 27. Qxb2 e2 0-1

[Event "Late-Titled-Tuesday-Blitz-September-19-2023"]
[Site "Chess.com"]
[Date "2023.09.19"]
[Round "2"]
[White "rionelG"]
[Black "ElDivis"]
[Result "0-1"]
[WhiteElo "2321"]
[BlackElo "2506"]
[TimeControl "180+1"]
[EndTime "14:15:14 PDT"]
[Termination "ElDivis won by resignation"]

1. e4 c5 2. g3 d5 3. exd5 Qxd5 4. Nf3 Bg4 5. Bg2 Qe6+ 6. Kf1 Nc6 7. h3 Bh5 8. d3 Nf6 9. Nc3 O-O-O 10. g4 Bg6 11.
Bf4 Nd5 12. Nxd5 Qxd5 13. Ne5 Qd4 14. Nxc6 bxc6 15. Qf3 Rd5 16. Bg3 Qxb2 17. Re1 Qxc2 18. Qf4 e5 19. Qc1 Bxd3+ 20. Kg1 Qxc1 21. Rxc1 e4 22.
Kh2 h5 23. g5 Rxg5 24. f3 h4 25. Bf2 exf3 26. Bxf3 Bd6+ 0-1